Unix NetHack Version 3.7.0-60 Work-in-progress - last build Jul 10 2022 06:21:10 (14e6c82d0a2bdcc1d3355b92dfa208a3528279b5,branch:master). Game began 2022-07-09 16:53:38, ended 2022-07-25 14:16:14. spontiff, chaotic female gnomish Healer --------------- |......)......| |..---------..| |..|......+|..| --------------- |.[|./)..%.|..| |.)......../).| |..|%%%$./.|..| |.[---------![-- --------- |%.|..)....|..| |.)|.......|.."-- --.......-- |).|....%..|..| |.%|...@[..|..$.---.........--|$.----%----..| |..|.A.@..?-%.%...[..........||..[....$.....| |..|.....A.|%%%%---.........-----._.%)....--- |..|.......|...-- --.......-- -----%----- |..---------..-- ----|---- -...$...-- |.............| ------%))------- .........-- --------------- |.....%.%......| ..%..%....| |....%%...%..%.--.......%.-- |...............--.......-- |................----.---- |.............%....%[......... --------- ------------------- Spontiff the Embalmer St:18/49 Dx:12 Co:18 In:12 Wi:18 Ch:18 Chaotic S:17750 Astral Plane $:0 HP:253(253) Pw:39(85) AC:-17 Xp:7/640 Satiated Burdened T:54962 Latest messages: You finish your dressing maneuver. Your mind oscillates briefly. The visored helmet glows black for a moment. There is a high altar to Poseidon (chaotic) here. What do you want to use or apply? [acfjkostxzB-DIMOT or ?*] f You have a little trouble removing an uncursed amulet of guarding. Continue? [ynq] (q) y You have a little trouble removing Z - an uncursed amulet of guarding. You have a little trouble removing b - an uncursed amulet of life saving. You have a little trouble removing h - an uncursed amulet of magical breathing. You are blasted by the Staff of Aesculapius' power! You have a little trouble removing w - the blessed +0 Staff of Aesculapius. You have a little trouble removing F - an uncursed amethyst stone. You have a little trouble removing H - 5 uncursed emeralds. Your movements are slowed slightly because of your load. What do you want to remove? [eAR or ?*] A You were wearing an uncursed amulet of reflection. An uncursed amulet of guarding lands on the altar. An uncursed amulet of life saving lands on the altar. An uncursed amulet of magical breathing lands on the altar. An uncursed amulet of reflection lands on the altar. Your movements are now unencumbered. There is an amber flash as the blessed +0 Staff of Aesculapius hits the altar. The uncursed Book of the Dead lands on the altar. The uncursed Bell of Opening (0:1) lands on the altar. The uncursed Candelabrum of Invocation (0 of 7 candles attached) lands on the altar. An uncursed amethyst stone lands on the altar. 5 uncursed emeralds land on the altar. An uncursed topaz stone lands on the altar. There is an amber flash as a blessed luckstone hits the altar. An uncursed touchstone lands on the altar. What do you want to use or apply? [acfkostxzDMOT or ?*] f You have a little trouble removing 75 uncursed cream pies. Continue? [ynq] (q) y You have a little trouble removing a - 75 uncursed cream pies (77 in total). Your movements are slowed slightly because of your load. What do you want to read? [J or ?*] J As you read the scroll, it disappears. X - a cursed rustproof +0 helm of opposite alignment (being worn). What do you want to wield? [- c or ?*] a a - 77 uncursed cream pies (wielded). What do you want to use or apply? [acfkostxzDMOT or ?*] f #damn orcus-kill potion event: unknown extended command. #minscore other than that (for dungeon depth): unknown extended command. What do you want to sacrifice? [Y or ?*] ? You offer the Amulet of Yendor to Poseidon... An invisible choir sings, and you are bathed in radiance... The voice of Poseidon rings out: "Mortal, thou hast done well!" "In return for thy service, I grant thee the gift of Immortality!" You ascend to the status of Demigoddess... Do you want your possessions identified? [ynq] (y) y Do you want to see the dungeon overview? [ynq] (y) y Major events: Turn 1: spontiff the neutral male gnomish Healer entered the dungeon 458: entered the Gnomish Mines 2864: reached Mine Town 6752: made his first wish - "blessed +2 silver dragon scale mail", got "a silver dragon scale mail" 12919: acquired the Mines' End luckstone 15055: killed the Oracle 15730: entered Sokoban 15999: completed sokoban 1 16597: completed sokoban 2 16881: completed sokoban 3 17506: completed sokoban 4 17623: acquired the Sokoban amulet of reflection 24129: wished for "blessed figurine of an Archon", got "a figurine of an Archon" 29777: stole 1 zorkmid worth of merchandise from Laguiolet's antique weapons outlet 33228: killed Medusa 34779: wished for "3 uncursed potions of gain level", got "a potion of gain level" 35619: attained the rank of Empiric (level 3) 38138: performed his first genocide (class c) 38139: genocided class L 38299: entered Gehennom 40687: attained the rank of Embalmer (level 6) 41203: bribed Asmodeus with 167 zorkmids for safe passage 41258: wished for "3 uncursed potions of gain level", got "a potion of gain level" 42177: killed Juiblex 42904: bribed Baalzebub with 814 zorkmids for safe passage 46737: destroyed Vlad the Impaler 46740: acquired the Candelabrum of Invocation 46896: found Demonbane carried by a monster 46958: genocided class R 46980: wished for "3 uncursed potions of gain level", got "3 potions of gain level" 47243: was bestowed with Cleaver by Hermes 47808: killed Orcus 48742: wished for "magic marker", got "a magic marker" 50220: wished for "blessed ring of free action", got "an iron ring" 50372: wished for "holy ring of conflict", got "a wooden ring" 50407: killed Hippocrates 50885: found the Staff of Aesculapius on the floor 50891: killed the Cyclops 50892: acquired the Bell of Opening 52299: killed the Wizard of Yendor 52300: acquired the Book of the Dead 52300: killed the Wizard of Yendor (2nd time) 52304: genocided class h 52343: performed the invocation 52482: killed the Wizard of Yendor (3rd time) 52682: killed the high priestess of Moloch 52684: acquired The Amulet of Yendor 54411: entered the Elemental Planes 54411: entered Plane of Earth 54416: killed the Wizard of Yendor (5th time) 54456: entered Plane of Air 54572: entered Plane of Fire 54592: entered Plane of Water 54597: genocided class ; 54639: entered the Astral Plane 54655: killed Pestilence 54740: killed the high priestess (2nd time) 54824: killed Famine 54849: genocided class t 54867: killed Famine (2nd time) 54878: found Snickersnee carried by a monster 54895: killed Famine (3rd time) 54903: found Sunsword on the floor 54950: wished for "holy fixed +2 helm of opposite alignment", got "a visored helmet" 54951: killed Famine (5th time) 54962: ascended Inventory: Armor X - a cursed rustproof +0 helm of opposite alignment (being worn) g - a blessed thoroughly burnt +2 pair of leather gloves (being worn) v - a blessed fireproof +2 pair of speed boots (being worn) r - a blessed burnt +1 small shield (being worn) q - a blessed fireproof +5 robe (being worn) u - an uncursed +2 Hawaiian shirt with a sailboat motif (being worn) d - a blessed +2 gray dragon scale mail (being worn) Comestibles y - an uncursed apple a - 77 uncursed cream pies (wielded) n - an uncursed food ration m - an uncursed sprig of wolfsbane p - an uncursed tripe ration U - an uncursed homemade tin of nurse meat i - an uncursed lizard corpse Rings R - an uncursed ring of free action (on right hand) G - an uncursed ring of levitation e - an uncursed ring of regeneration (on left hand) L - an uncursed ring of slow digestion Wands D - an uncursed wand of digging (0:4) O - an uncursed wand of opening (0:3) T - an uncursed wand of teleportation (0:4) Tools f - a blessed greased bag of holding containing 67 items z - an uncursed leash M - an uncursed magic marker (1:10) o - an uncursed magic whistle x - a blessed oil lamp k - an uncursed skeleton key named Geno: cLGeno: cLR s - an uncursed stethoscope t - an uncursed towel named Need StTC c - an uncursed +0 unicorn horn Contents of the bag of holding: an uncursed +0 bullwhip a blessed +0 pair of water walking boots an uncursed +2 mummy wrapping an uncursed food ration 7 uncursed K-rations an uncursed lembas wafer 4 uncursed tripe rations a blessed tin of chameleon meat a blessed tin of nurse meat 5 uncursed lizard corpses an uncursed lizard corpse 25 blessed scrolls of blank paper 11 uncursed scrolls of blank paper 12 cursed scrolls of blank paper a blessed scroll of charging an uncursed scroll of destroy armor a blessed scroll of earth 4 uncursed scrolls of earth a blessed scroll of enchant armor 2 uncursed scrolls of enchant weapon a blessed scroll of identify 7 blessed scrolls of remove curse 4 uncursed scrolls of remove curse 2 blessed scrolls of scare monster an uncursed scroll of scare monster an uncursed scroll of scare monster 2 uncursed scrolls of taming a blessed potion of paralysis 4 uncursed potions of paralysis 8 potions of holy water 4 potions of unholy water a blessed ring of conflict an uncursed ring of polymorph an uncursed ring of stealth an uncursed ring of sustain ability an uncursed wand of create monster (0:12) an uncursed wand of digging (0:6) an uncursed wand of digging (0:4) an uncursed wand of digging (0:4) an uncursed wand of digging (0:3) a blessed wand of light (0:15) an uncursed wand of locking (0:8) an uncursed wand of probing (0:7) an uncursed wand of probing (0:4) an uncursed wand of probing (0:4) an uncursed wand of secret door detection (0:13) an uncursed wand of secret door detection (0:5) an uncursed wand of sleep (0:8) an uncursed wand of sleep (0:7) an uncursed wand of sleep (0:7) an uncursed wand of sleep (0:6) an uncursed wand of sleep (0:5) an uncursed wand of sleep (0:1) an uncursed wand of slow monster (0:5) an uncursed wand of speed monster (0:4) an uncursed wand of speed monster (0:4) a blessed wand of striking (0:5) an uncursed wand of striking (0:6) an uncursed wand of teleportation (0:8) an uncursed wand of teleportation (0:4) an uncursed wand of teleportation (0:1) an uncursed wand of undead turning (0:8) an uncursed wand of undead turning (0:4) an empty uncursed sack an uncursed can of grease (0:13) an uncursed oil lamp an uncursed +0 unicorn horn Spontiff the Healer's attributes: Background: You were an Embalmer, a level 7 female gnomish Healer. You were chaotic, temporarily on a mission for Poseidon who was opposed by Athena (lawful) and Hermes (neutral). You were actually neutral. You started out male. You were in the endgame, on the Astral Plane. You entered the dungeon 54962 turns ago. You had 640 experience points, 640 more were needed to attain level 8. Your score was 17750 before end-of-game adjustments. Basics: You had all 253 hit points. You had 39 out of 85 energy points (spell power). Your armor class was -17. Your wallet was empty. Autopickup was on for '"?!=/' plus thrown, with exceptions. Final Characteristics: Your strength was 18/49 (peak:18/50, limit:18/50). Your dexterity was 12 (limit:18). Your constitution was 18 (limit:18). Your intelligence was 12 (limit:19). Your wisdom was 18 (limit:18). Your charisma was 18 (limit:18). Final Status: You were satiated. You were burdened; movement was slightly slowed. You were wielding some food. Final Attributes: You were fervently aligned. You were magic-protected. You were fire resistant. You were cold resistant. You were sleep resistant. You were disintegration-resistant. You were shock resistant. You were poison resistant. You saw invisible. You were telepathic. You had infravision. You regenerated. You were guarded. You were very fast. You had free action. You were lucky. You survived. Miscellaneous: You encountered 1 bones level. Total elapsed playing time was 1 day, 51 minutes and 53 seconds. Vanquished creatures: Orcus Juiblex the Wizard of Yendor (6 times) Pestilence Famine (5 times) Vlad the Impaler 2 high clerics 2 mastodons Medusa 18 krakens Hippocrates an Archon 2 iron golems the Cyclops a ki-rin 2 storm giants 4 titans 3 glass golems 3 balrogs 4 purple worms 6 gray dragons 4 gold dragons 8 silver dragons 3 red dragons 8 white dragons 5 orange dragons 8 black dragons 2 blue dragons 2 green dragons 3 yellow dragons 10 minotaurs 2 jabberwocks 2 baluchitheria 21 Angels 6 stone golems a master mind flayer 2 Nazgul 9 pit fiends a sandestin 2 hell hounds 2 displacer beasts 5 titanotheres a baby gold dragon a baby white dragon a baby blue dragon 2 guardian nagas 3 genetic engineers 2 disenchanters 42 vampire leaders 5 skeletons 9 shopkeepers the Oracle 32 aligned clerics 4 captains 6 shades 3 liches a clay golem 4 nurses 7 ice devils 4 nalfeshnees 5 lurkers above 3 Aleaxes 3 frost giants 6 ettins 13 black puddings 22 vampires 8 lieutenants a watch captain 37 ghosts an archeologist a monk a samurai 11 queen bees 8 winged gargoyles 2 mind flayers 10 giant mimics 3 long worms 6 zruties 3 fire giants 4 ogre tyrants 4 ice trolls 7 rock trolls 3 umber hulks 2 flesh golems 3 elven monarchs 4 doppelgangers 11 hezrous 9 bone devils 6 large mimics 5 wumpuses a fire vortex a couatl 16 stalkers 14 air elementals 3 fire elementals 5 earth elementals 9 water elementals 5 hill giants 3 giant mummies a black naga 4 xorns 14 giant zombies 4 elf-nobles 10 sergeants 6 barbed devils 10 vrocks 5 salamanders 12 wargs 4 winter wolves 6 hell hound pups 25 small mimics 6 warhorses 8 steam vortices 13 xans 3 ettin mummies 8 ogre leaders 7 quantum mechanics 16 trolls 2 sasquatches a wood golem 3 erinyes 3 mariliths 3 djinn 12 sharks 24 electric eels 4 gelatinous cubes 2 large dogs 2 freezing spheres 6 flaming spheres 3 shocking spheres 3 large cats 7 tigers 2 gargoyles 4 tengu 8 ochre jellies 11 leocrottas 5 energy vortices 4 mountain centaurs a stone giant 2 elf mummies a human mummy 5 red nagas 5 green slimes 8 pythons 8 pit vipers 11 cobras 46 wraiths 4 carnivorous apes 14 ettin zombies 4 leather golems 14 Grey-elves 39 soldiers 4 watchmen 10 amorous demons 7 horned devils 2 chameleons 2 crocodiles 34 giant beetles 7 quivering blobs 3 cockatrices 8 wolves 4 winter wolf cubs 4 lynxes 3 panthers 6 gremlins 3 spotted jellies 87 leprechauns 5 orc-captains 4 iron piercers 3 mumakil 8 giant spiders 4 scorpions 6 horses an ice vortex 3 black lights 7 vampire bats a forest centaur 4 gnome rulers 3 orc mummies 2 dwarf mummies 2 ogres 9 brown puddings 4 rust monsters 7 owlbears 8 yetis 4 gold golems a werewolf 10 Green-elves 6 piranha 31 giant eels 12 lizards 8 attendants 2 chickatrices 3 dingoes 3 dogs a housecat 4 jaguars 4 dwarf leaders 5 blue jellies 4 gray unicorns 5 black unicorns 2 dust vortices a raven 4 plains centaurs 9 Kop Kaptains 7 gnome mummies 20 snakes 14 water moccasins 5 apes 28 human zombies a rope golem 3 Woodland-elves 28 soldier ants 26 fire ants 7 bugbears 4 imps 3 lemures 3 quasits 4 wood nymphs 9 water nymphs a mountain nymph 25 Mordor orcs 11 Uruk-hai 4 orc shamans 5 rock piercers 12 rock moles 7 ponies 10 fog clouds 15 yellow lights 4 shriekers 3 violet fungi 6 gnome leaders 7 gnomish wizards 12 Kop Lieutenants 4 kobold mummies 7 gray oozes 3 barrow wights 14 elf zombies 20 ghouls 2 straw golems 8 jellyfish 30 giant ants 2 little dogs 19 floating eyes 4 kittens 23 dwarves 12 homunculi 4 kobold leaders 3 kobold shamans 25 hill orcs 9 rothes 28 rabid rats 2 centipedes 16 giant bats 35 Kop Sergeants 14 orc zombies 28 dwarf zombies 2 wererats 2 werejackals 18 iguanas 145 killer bees 22 acid blobs 15 coyotes 7 gas spores 16 hobbits 8 large kobolds 11 hobgoblins 61 giant rats 9 cave spiders 4 brown molds 14 yellow molds 10 green molds 9 red molds 25 gnomes 81 Keystone Kops 20 garter snakes 18 gnome zombies 24 geckos 47 jackals 10 foxes 5 kobolds 15 goblins 12 sewer rats 45 grid bugs 4 bats 37 lichens 25 kobold zombies 34 newts 2727 creatures vanquished. Genocided or extinct species: killer bees (extinct) chickatrices cockatrices pyrolisks hobbits dwarves bugbears dwarf leaders dwarf rulers mind flayers master mind flayers lurkers above trappers liches demiliches master liches arch-liches rust monsters disenchanters erinyes (extinct) jellyfish piranha sharks giant eels electric eels krakens 24 species genocided. 2 species extinct. Voluntary challenges: You never hit with a wielded weapon. You read items or engraved 214 times. You never engraved Elbereth. You genocided 24 types of monsters. You never polymorphed an object. You never changed form. You used 9 wishes. You did not wish for any artifacts. You did not violate any of the special Sokoban rules. Achievements: You entered the Gnomish Mines. You entered a shop. You entered Minetown. You entered a temple. You completed the Gnomish Mines. You entered Sokoban. You completed Sokoban. You defeated Medusa. You attained the rank of Empiric. You entered Gehennom. You attained the rank of Embalmer. You handled the Candelabrum of Invocation. You handled the Bell of Opening. You handled the Book of the Dead. You gained access to Moloch's Sanctum. You reached the Elemental Planes. You reached the Astral Plane. You delivered the Amulet of Yendor. You ascended! The Elemental Planes: Astral Plane: <- You are here. Some temples. Plane of Water: Plane of Fire: Plane of Air: Plane of Earth: The Dungeons of Doom: levels 1 to 29 Level 1: "Stashlet" One way stairs up to The Elemental Planes. Level 2: An untended shop. Stairs down to The Gnomish Mines. Level 3: Level 4: An untended shop. Level 5: Level 6: Oracle of Delphi. Level 7: A grave. Stairs up to Sokoban, level 6. Level 8: Level 9: Level 10: Level 11: Level 12: An untended shop. Level 13: Portal to The Quest. Level 14: Some fountains. Level 15: A primitive area. Level 16: A fountain, a sink. Level 17: Level 18: Level 19: A sink. Level 20: Level 21: A fountain. Level 22: Level 23: Level 24: Level 25: Level 26: Some shops. Level 27: Level 28: Level 29: The castle. Connection to Gehennom. Gehennom: levels 30 to 50 Level 30: A temple, many graves. Valley of the Dead. Level 31: Level 32: Level 33: Level 34: A fountain. Level 35: Level 36: "No ObjDet yet" Level 37: Level 38: Level 39: Stairs up to Vlad's Tower, level 38. Level 40: Level 41: Level 42: "Polytrap" Some shops, an altar, many graves. Level 43: Level 44: Level 45: Level 46: Level 47: Level 48: Level 49: Level 50: A temple, many graves. Moloch's Sanctum. The Gnomish Mines: levels 3 to 10 Level 3: Level 4: Level 5: Many shops, a temple. Level 6: Level 7: Final resting place for quervo1-Wiz-Hum-Mal-Neu, fell into a pit of iron spikes. Level 8: Level 9: Level 10: "Polytrap Cellar" The Quest: levels 1 to 6 Level 1: An altar. Home (no way back...). Level 2: Level 3: A temple to Poseidon. Level 4: Level 5: Level 6: Sokoban: levels 6 up to 3 Level 3: Solved. Level 4: Solved. Level 5: Solved. Level 6: Solved. Vlad's Tower: levels 38 up to 36 Level 36: Level 37: Level 38: Goodbye spontiff the Demigoddess... You went to your reward with 17750 points, and 0 pieces of gold, after 54962 moves. You were level 7 with a maximum of 253 hit points when you ascended.